 Seeded DCSS version 0.30.1 (webtiles) character file.

Game seed: 6351066067085065685 (custom seed)

23 Esekla the Grave Robber (level 2, 0/14 (15) HPs)
             Began as a Deep Elf Necromancer on July 7, 2023.
             Was an Initiate of Vehumet.
             Constricted to death by a ball python (1 damage)
             ... on level 1 of the Dungeon.
             The game lasted 00:07:03 (753 turns).

Esekla the Grave Robber (Deep Elf Necromancer)       Turns: 753, Time: 00:07:03

HP:   0/14 (15)     AC:  3    Str:  5    XL:     2   Next: 72%
MP:   8/8           EV: 10    Int: 19    God:    Vehumet [......]
Gold: 66            SH:  0    Dex: 18    Spells: 6/7 levels left

rFire   . . .        a - +5 rapier of the Hero {heavy, rN+ Dex+3}
rCold   . . .        (no shield)
rNeg    + . .        k - +0 robe
rPois   .            (no helmet)
rElec   .            (no cloak)
rCorr   .            i - +0 pair of gloves
SInv    .            (no boots)
Will    .....        (no amulet)
Stlth   ++           (no ring)
HPRegen 0.22/turn    (no ring)
MPRegen 0.11/turn

%: no passive effects
@: constricted, drained
A: no striking features
a: Renounce Religion


You were on level 1 of the Dungeon.
You worshipped Vehumet.
Vehumet was noncommittal.
You visited 1 branch of the dungeon, and saw 4 of its levels.

You collected 66 gold pieces.

Inventory:

Hand Weapons
 a - the +5 rapier of the Hero (weapon) {heavy, rN+ Dex+3}
   (You found it on level 3 of the Dungeon)

   Dex:       It affects your dexterity (+3).
   rN:        It protects you from negative energy.
Armour
 i - a +0 pair of gloves (worn)
 k - a +0 robe (worn)
Wands
 c - a wand of roots (9)
Scrolls
 e - a scroll of fear {unknown}
 f - a scroll of identify {unknown}
 j - a scroll of immolation {unknown}
Potions
 b - a potion of magic
 d - a potion of ambrosia {unknown}
 g - 2 potions of attraction {unknown}
 h - 2 potions of curing {unknown}
 l - a potion of haste {unknown}


   Skills:
 + Level 0.2 Short Blades
 * Level 2.8 Dodging
 + Level 2.6 Stealth
 * Level 3.0 Spellcasting
 + Level 5.4 Necromancy


You had 6 spell levels left.
You knew the following spells:

 Your Spells              Type           Power      Damage    Failure   Level
a - Necrotise             Necr           92%        1d8       1%          1

Your spell library contained the following spells:

 Spells                   Type           Power      Damage    Failure   Level
 Vampiric Draining        Necr           23%        2d7       4%          3
 Animate Dead             Necr           23%        N/A       16%         4
 Agony                    Necr           23%        N/A       41%         5


Dungeon Overview and Level Annotations

Branches:
Dungeon (4/15)
 Temple: D:4-7

Altars:
Vehumet

Shops:
D:2 =


Message History

There is a stone staircase leading up here.
The adder barely misses you. The adder bites you.
You climb upwards.
The ball python hisses angrily.
There is a stone staircase leading down here.
The endoplasm quivers.
You hit the adder.
The adder is heavily wounded.
The bat barely misses you. The adder barely misses you. The adder bites you.
You are poisoned.
The adder poisons you!
You hit the adder.
You kill the adder!
Vehumet accepts your kill.
You feel sick. The bat barely misses you. The endoplasm misses you.
The bat hits you but does no damage.
The endoplasm hits you but does no damage.
You hit the endoplasm.
The endoplasm is almost dead.
You feel sick.
You are no longer poisoned.
The bat hits you but does no damage. The bat barely misses you.
The endoplasm freezes you.
You are frozen.
* * * LOW HITPOINT WARNING * * *
The quokka attacks as you move away! The quokka misses you.
The bat hits you but does no damage.
You puncture the endoplasm!
You kill the endoplasm!
Vehumet accepts your kill. The bat barely misses you.
The bat hits you but does no damage.
The quokka twitches its whiskers.
The bat barely misses you. The ball python bites you.
* * * LOW HITPOINT WARNING * * *
The ball python grabs you. The ball python constricts you.
The quokka bites you.
* * * LOW HITPOINT WARNING * * *
The ball python bites you but does no damage.
The ball python constricts you.
You die...

#.#####..### ....##
#.....##...# #....
###'######.. ##....
#≈≈~≈≈#####. .....
#≈~≈~≈#..... ...#
#~≈~≈~#..... #..#
#≈~≈~≈#..... #b.#
####+###.#### #.@#
#........# # #rS#
#.....†### #
#..#.....##..######
#........#.........
...........#.######
....#.###......##
##......
#.#.....####
###.......#.......#.
... #.. #....##...


You could see a quokka, a bat and a ball python.

Vanquished Creatures
  An adder (D:1)
  3 ball pythons (D:1)
  An endoplasm (D:1)
  2 goblins
  2 hobgoblins (D:3)
  2 frilled lizards
  3 kobolds
14 creatures vanquished.

Notes
Turn   | Place    | Note
-------+----------+-------------------------------------------
     0 | D:1      | Esekla the Deep Elf Necromancer began the quest for the
                  | Orb.
     0 | D:1      | Reached XP level 1. HP: 10/10 MP: 6/6
   173 | D:1      | Reached skill level 5 in Necromancy
   265 | D:1      | Reached XP level 2. HP: 12/13 MP: 8/8
   389 | D:4      | Found a radiant altar of Vehumet.
   393 | D:4      | Became a worshipper of Vehumet
   601 | D:3      | Identified the +5 rapier of the Hero {heavy, rN+ Dex+3}
   622 | D:2      | Found Renulab's Jewellery Shop.
   753 | D:1      | Constricted to death by a ball python

Illustrated notes

Levels and vault maps discovered:
D:1:      sevenhm_arrival_forest_fort_small_3, layout_rooms,
          chequers_serial_rivers_room_b, minmay_misc_feat_five
D:2:      layout_loops_ring, dreamdust_ecumenical_altar_angels_and_demons,
          serial_shops, shop
D:3:      layout_basic, grunt_temple_overflow_open, minmay_misc_feat_iff
D:4:      layout_basic, nicolae_overflow_quartered_altars, serial_shops,
          nicolae_diamond_shop

Skill      XL: |  1 |
---------------+----+-----
Necromancy     | 5 |  5.4
Short Blades   | |  0.2
Dodging        | |  2.8
Stealth        | |  2.6
Spellcasting   | |  3.0

Action                     || total
---------------------------++-------
  Melee: Short sword       ||    15
         Unarmed           ||     9
         Dagger            ||    12
         Rapier            ||     7
   Stab: Sleeping          ||     2
 Armour: Robe              ||    11
  Dodge: Dodged            ||    24
